 Dungeon Crawl Stone Soup version 0.17-a0-1181-gabc46e6 (webtiles) character file.

27753 Chiseanne the Deadly Accurate (level 13, -9/78 HPs)
             Began as a Kobold Hunter on June 1, 2015.
             Was a High Priest of Okawaru.
             Mangled by a torturous demonspawn
             ... wielding a +0 demon blade of electrocution
              (20 damage)
             ... while paralysed by an orc sorcerer
             ... on level 4 of the Orcish Mines.
             The game lasted 01:21:20 (20809 turns).

Chiseanne the Deadly Accurate (Kobold Hunter)      Turns: 20809, Time: 01:21:20

Health: -9/78      AC:  7    Str: 11    XL:     13   Next: 68%
Magic:  13/13      EV:  3    Int:  9    God:    Okawaru [*****.]
Gold:   1033       SH:  0    Dex: 25    Spells: 0 memorised, 12 levels left

rFire  . . .     SeeInvis +     a - +2 short sword (elec)
rCold  + . .     Clarity  .     b - +3 ring mail {rC+} {god gift}
rNeg   + . .     SustAt   .     Q - +0 shield
rPois  .         Gourm    .     W - +0 hat {SInv}
rElec  .         Spirit   .     t - +0 cloak
rCorr  .         Warding  .     z - +1 pair of gloves {archery} {god gift}
rMut   +         Stasis   .     (no boots)
MR     .....                    P - amulet of resist mutation
Stlth  ++++......               p - ring of positive energy
                                S - +4 ring of dexterity

@: paralysed, about to teleport, heroism, corroded equipment, drained, not
resistant to hostile enchantments, stealthy
A: carnivore 3
a: Heroism, Finesse, Renounce Religion


You were on level 4 of the Orcish Mines.
You worshipped Okawaru.
Okawaru was extremely pleased with you.
You were very full.

You visited 4 branches of the dungeon, and saw 17 of its levels.
You also visited: Sewer.

You collected 1977 gold pieces.
You spent 944 gold pieces at shops.

Inventory:

Hand weapons
 a - a +2 short sword of electrocution (weapon)
 d - a +2 flail of protection
 w - a +0 blowgun
 T - a +2 flail of holy wrath
 Y - a +2 hand axe of flaming
Missiles
 l - 35 poisoned needles
 s - 3 steel tomahawks
 v - 5 needles of slowing
 L - 14 tomahawks of returning
 O - 13 tomahawks (quivered)
 V - 13 needles of frenzy
 X - 4 needles of sleeping
Armour
 b - a +3 ring mail of cold resistance (worn) {god gift}
 t - a +0 cloak (worn)
 z - a +1 pair of gloves of archery (worn) {god gift}
 Q - a +0 shield (worn)
 W - a +0 hat of see invisible (worn)
Jewellery
 p - a ring of positive energy (right hand)
 y - an uncursed ring of see invisible
 P - an amulet of resist mutation (around neck)
 R - an uncursed ring of fire
 S - a +4 ring of dexterity (left hand)
Magical devices
 n - a wand of lightning (9)
 N - a wand of confusion (21)
Scrolls
 o - a scroll of blinking
 q - 2 scrolls of immolation
 r - 4 scrolls of identify
 D - a scroll of fear
 E - 2 scrolls of magic mapping
 H - 8 scrolls of remove curse
 I - a scroll of fog
Potions
 h - 2 potions of lignification
 i - a potion of might
 j - 2 potions of heal wounds
 k - 5 potions of curing
 A - 3 potions of cancellation
 C - 2 potions of haste
Comestibles
 e - 4 meat rations
 g - 5 beef jerkies
 x - 3 royal jellies
 G - 3 slices of pizza


   Skills:
 * Level 8.3(12.9) Fighting
 * Level 17.9(22.4) Throwing
 - Level 14.5(19.1) Dodging
 - Level 1.3(6.0) Stealth
 * Level 7.7(12.3) Shields


You had 12 spell levels left.
You didn't know any spells.

Dungeon Overview and Level Annotations

Branches:
Dungeon (11/15)            Temple (1/1) D:5            Lair (1/8) D:8
    Orc (4/4) D:11            Elf (0/3) Orc:3

Altars:
Ashenzari
Cheibriados
Dithmenos
Fedhas
Gozag
Kikubaaqudgha
Makhleb
Nemelex Xobeh
Okawaru
Ru
Sif Muna
Vehumet
Xom
Yredelemnul
Zin
The Shining One
Beogh

Shops:
D:4 (   D:9 *   Orc:3 (   Orc:4 (!}?

Portals:
Pandemonium: Orc:4


Innate Abilities, Weirdness & Mutations

You are small and have problems with some larger weapons.
You are carnivorous and can eat meat at any time.


Message History

You block the orc's attack.
Found Curianil's Antique Weapon Shop and Ymnufoc's Gadget Boutique.
An orc, an orc high priest and a torturous demonspawn come into view.
Read which item? (? for menu, Esc to quit)
As you read the scroll of teleportation, it crumbles to dust.
You feel strangely unstable. You block the orc's attack.
The orc high priest utters an invocation to Beogh.
The orc sorcerer casts a spell at you.
The bolt of fire hits the orc.
The orc dies!
The bolt of fire misses you. The orc completely misses you.
You block the torturous demonspawn's attack.
You closely miss the orc sorcerer.
The orc sorcerer casts a spell.
The orc sorcerer gestures at you while chanting.
You suddenly lose the ability to move!
The torturous demonspawn hits you with a demon blade of electrocution!!
* * * LOW HITPOINT WARNING * * *
You are electrocuted!
You die...

...#.....####...# ...#.....#
#...# ........## ..o# .......###
.)## ## ## ## ....)####(#.##. #∩#
#.## #. ...[.###o.(##..# o4 #
##...###. #...).###.#o##..#4 o#
##.#.###..
.......###.4)##oo#o#..##...###...
........###...##@oo.4##.).###....
....)##..###o..##6o.##...###))##.
.....###..###...##.##.)[###..####
......###..###)..###...###))##
......# ##..##....#....##..## #
.....######..#.#.....#.#..#### ##
....#.#..###....[......).###.###.
..........###...#.#.#.).###...#..
.........#.###.........###.......


You could see an orc high priest, an orange demon, a torturous demonspawn, a
hellwing, a blue devil, 5 orc sorcerers and 2 orcs.

Vanquished Creatures
  Rupert (Orc:2)
  Gastronok (Orc:2)
  Maud (Orc:3)
  Snorg (Orc:2)
  2 centaur warriors (D:10)
  Erolcha (D:9)
  A hill giant (D:11)
  2 orc knights
  Pikel (D:6)
  An ugly thing (D:11)
  The ghost of Zwobot the Nimble, an experienced OpAs of Gozag (D:10)
  An elephant (D:8)
  A sixfirhy (Orc:4)
  A spiny frog (Lair:1)
  An orange demon (Orc:4)
  A smoke demon (Orc:3)
  A centaur skeleton (D:10)
  A komodo dragon (Lair:1)
  A hellwing (Orc:4)
  A blue devil (Orc:4)
  4 slime creatures
  3 blink frogs (Lair:1)
  2 trapdoor spiders
  A deep elf mage (D:9)
  4 yaks (Lair:1)
  A hungry ghost (D:8)
  Grum (D:10)
  A hippogriff (D:7)
  2 wargs
  2 wolves (D:10)
  37 orc warriors
  3 water moccasins (Lair:1)
  Duvessa (D:7)
  3 phantoms
  2 porcupines (Lair:1)
  10 ice beasts
  A black bear (D:11)
  3 necrophages
  5 ogres
  2 slaves (D:6)
  3 sky beasts
  2 crocodiles (D:8)
  3 centaurs
  2 big kobolds
  10 giant frogs
  Dowan (D:7)
  4 scorpions
  4 killer bees (D:10)
  11 wights
  9 crimson imps
  2 jellies
  2 giant frog zombies (D:9)
  A centaur zombie (D:7)
  2 hounds
  2 giant frog skeletons
  35 orc priests
  A quasit (D:10)
  3 iguanas
  23 orc wizards
  9 worker ants
  A hound skeleton (D:8)
  15 adders
  4 river rats
  11 gnolls
  A shadow imp (D:11)
  2 oozes
  8 worms
  3 giant geckos
  202 orcs
  14 hobgoblins
  12 jackals
  21 kobolds
  4 quokkas
  4 ball pythons
  13 bats
  10 giant cockroaches
  4 giant newts
  22 goblins
  13 rats
  A plant (Lair:1)
604 creatures vanquished.

Vanquished Creatures (others)
  A slave (D:6)
  A giant frog (D:6)
  A water moccasin skeleton (D:6)
  A crimson imp (D:6)
  An orc wizard (D:6)
  An iguana (D:6)
  A worker ant (D:6)
  An adder (D:6)
  2 orcs
  A bat (D:6)
  A hobgoblin (D:6)
  A quokka (D:6)
13 creatures vanquished.

Grand Total: 617 creatures vanquished

Notes
Turn   | Place    | Note
--------------------------------------------------------------
     0 | D:1      | Chiseanne the Kobold Hunter began the quest for the Orb.
     0 | D:1      | Reached XP level 1. HP: 12/12 MP: 1/1
   161 | D:1      | Reached XP level 2. HP: 14/17 MP: 2/2
   387 | D:1      | Reached skill level 6 in Throwing
   902 | D:2      | Reached XP level 3. HP: 4/21 MP: 3/3
  1647 | D:2      | Reached XP level 4. HP: 23/26 MP: 4/4
  1821 | D:2      | Noticed a scorpion
  1827 | D:2      | Killed a scorpion
  1827 | D:2      | Reached skill level 7 in Throwing
  1853 | D:2      | Reached XP level 5. HP: 30/30 MP: 5/5
  2456 | D:3      | Found a burning altar of Makhleb.
  2456 | D:3      | Found a shattered altar of Ashenzari.
  2458 | D:3      | Found a shadowy altar of Dithmenos.
  2464 | D:3      | Found a deep blue altar of Sif Muna.
  2464 | D:3      | Found a glowing silver altar of Zin.
  2464 | D:3      | Found a snail-covered altar of Cheibriados.
  2464 | D:3      | Found a basalt altar of Yredelemnul.
  3313 | D:4      | Reached XP level 6. HP: 17/35 MP: 6/6
  3464 | D:4      | Reached skill level 8 in Throwing
  3464 | D:4      | Reached skill level 5 in Dodging
  3536 | D:4      | Noticed an ogre
  3544 | D:4      | Killed an ogre
  3604 | D:4      | Found a glowing drain.
  3612 | D:4      | Reached XP level 7. HP: 40/40 MP: 7/7
  3639 | Sewer    | Entered a sewer
  4670 | D:4      | Reached skill level 9 in Throwing
  4734 | D:4      | Noticed an orc warrior
  4756 | D:4      | Killed an orc warrior
  5063 | D:4      | Reached XP level 8. HP: 44/44 MP: 8/8
  5163 | D:4      | Found Ruiliv's Weapon Shoppe.
  5370 | D:5      | Entered Level 5 of the Dungeon
  5631 | D:5      | Reached skill level 10 in Throwing
  5678 | D:5      | Found a staircase to the Ecumenical Temple.
  5805 | Temple   | Entered the Ecumenical Temple
  5871 | Temple   | Became a worshipper of Warmaster Okawaru
  5985 | D:5      | Found a deep blue altar of Sif Muna.
  6103 | D:5      | Found a glowing golden altar of the Shining One.
  6361 | D:6      | Noticed Pikel
  6386 | D:6      | Killed Pikel
  6386 | D:6      | Acquired Okawaru's first power
  6386 | D:6      | Reached XP level 9. HP: 23/49 MP: 9/9
  6594 | D:6      | Reached skill level 11 in Throwing
  7695 | D:7      | Reached skill level 10 in Dodging
  8290 | D:7      | Noticed Duvessa
  8348 | D:7      | Killed Duvessa
  8348 | D:7      | Reached skill level 12 in Throwing
  8365 | D:7      | Noticed Dowan
  8377 | D:7      | Killed Dowan
  8853 | D:7      | Reached XP level 10. HP: 56/56 MP: 10/10
  9323 | D:8      | Noticed an elephant
  9888 | D:8      | Killed an elephant
  9888 | D:8      | Reached skill level 13 in Throwing
  9888 | D:8      | Reached skill level 1 in Shields
 10062 | D:8      | Found a staircase to the Lair.
 10276 | Lair:1   | Entered Level 1 of the Lair of Beasts
 10402 | Lair:1   | Got a jewelled ring mail
 10409 | Lair:1   | Identified the cursed +0 ring mail of Noon {+Fly rPois Int-5} (You found it on level 1 of the Lair of Beasts)
 10485 | Lair:1   | Noticed a spiny frog
 10502 | Lair:1   | Killed a spiny frog
 11059 | Lair:1   | Reached skill level 5 in Fighting
 11123 | Lair:1   | Reached XP level 11. HP: 40/63 MP: 11/11
 12202 | D:9      | Noticed Erolcha
 12219 | D:9      | Killed Erolcha
 12219 | D:9      | Acquired Okawaru's second power
 12219 | D:9      | Reached skill level 14 in Throwing
 12724 | D:9      | Found Nineasof's General Store.
 12743 | D:9      | Bought a scroll of magic mapping for 45 gold pieces
 12743 | D:9      | Bought a potion of mutation for 32 gold pieces
 12743 | D:9      | Bought a scroll of remove curse for 39 gold pieces
 12743 | D:9      | Bought a beef jerky for 19 gold pieces
 12743 | D:9      | Bought a potion of poison for 13 gold pieces
 12839 | D:10     | Entered Level 10 of the Dungeon
 12839 | D:10     | Noticed Zwobot's ghost (experienced OpAs)
 12849 | D:10     | Killed Zwobot's ghost
 12849 | D:10     | Received a gift from Okawaru
 12876 | D:10     | Noticed Grum
 12898 | D:10     | Killed Grum
 13772 | D:10     | Noticed a centaur warrior
 13782 | D:10     | Killed a centaur warrior
 13812 | D:10     | Reached XP level 12. HP: 61/71 MP: 12/12
 13910 | D:10     | Noticed a centaur warrior
 13926 | D:10     | Killed a centaur warrior
 13926 | D:10     | Reached skill level 15 in Throwing
 14792 | D:10     | Reached skill level 5 in Shields
 14811 | D:11     | Found a frozen archway.
 14987 | D:11     | Found a staircase to the Orcish Mines.
 15382 | D:11     | Received a gift from Okawaru
 15675 | Orc:1    | Entered Level 1 of the Orcish Mines
 16145 | Orc:1    | Received a gift from Okawaru
 16690 | Orc:2    | Noticed Rupert
 16722 | Orc:2    | Paralysed by Rupert for 4 turns
 16736 | Orc:2    | Noticed Gastronok
 16743 | Orc:2    | Killed Rupert
 16743 | Orc:2    | Received a gift from Okawaru
 16743 | Orc:2    | Reached skill level 16 in Throwing
 16764 | Orc:2    | Killed Gastronok
 16764 | Orc:2    | Reached XP level 13. HP: 63/76 MP: 13/13
 16817 | Orc:2    | Noticed Snorg
 16844 | Orc:2    | Killed Snorg
 16844 | Orc:2    | Received a gift from Okawaru
 17514 | Orc:3    | Found a staircase to the Elven Halls.
 17531 | Orc:3    | Reached skill level 17 in Throwing
 18309 | Orc:2    | Noticed Maud
 18374 | Orc:3    | HP: 3/78 [Maud/enchanted demon trident (18)]
 18390 | Orc:3    | Killed Maud
 18390 | Orc:3    | Received a gift from Okawaru
 18968 | Orc:2    | Found a roughly hewn altar of Beogh.
 19351 | Orc:4    | Entered Level 4 of the Orcish Mines
 19686 | Orc:3    | Found Ularro's Antique Weapon Shoppe.
 20638 | Orc:4    | Found Gaefon's Distillery.
 20639 | Orc:4    | Found Nixtit's Magic Scroll Emporium.
 20666 | Orc:4    | Bought a potion of cancellation for 104 gold pieces
 20666 | Orc:4    | Bought a potion of lignification for 39 gold pieces
 20666 | Orc:4    | Bought a potion of cancellation for 104 gold pieces
 20666 | Orc:4    | Bought a potion of curing for 39 gold pieces
 20666 | Orc:4    | Bought a potion of might for 52 gold pieces
 20666 | Orc:4    | Bought a potion of lignification for 39 gold pieces
 20666 | Orc:4    | Bought a potion of curing for 39 gold pieces
 20666 | Orc:4    | Bought a potion of heal wounds for 65 gold pieces
 20666 | Orc:4    | Bought a potion of curing for 39 gold pieces
 20668 | Orc:4    | Bought a scroll of remove curse for 36 gold pieces
 20668 | Orc:4    | Bought a scroll of immolation for 42 gold pieces
 20668 | Orc:4    | Bought a scroll of identify for 24 gold pieces
 20668 | Orc:4    | Bought a scroll of identify for 24 gold pieces
 20668 | Orc:4    | Bought a scroll of identify for 24 gold pieces
 20668 | Orc:4    | Bought a scroll of identify for 24 gold pieces
 20668 | Orc:4    | Bought a scroll of immolation for 42 gold pieces
 20668 | Orc:4    | Bought a scroll of remove curse for 36 gold pieces
 20668 | Orc:4    | Bought a scroll of identify for 24 gold pieces
 20801 | Orc:4    | Paralysed by an orc sorcerer for 2 turns
 20807 | Orc:4    | Found Curianil's Antique Weapon Shop.
 20807 | Orc:4    | Found Ymnufoc's Gadget Boutique.
 20807 | Orc:4    | Found a one-way gate leading to the halls of Pandemonium.
 20809 | Orc:4    | Paralysed by an orc sorcerer for 6 turns
 20809 | Orc:4    | Mangled by a torturous demonspawn

Vault maps used:
D:1:      dpeg_arrival_simpleton_a
D:3:      minitemple, hangedman_feature_mirror, minmay_misc_feat_x,
          minmay_misc_feat_iff
D:4:      portal_sewer_entry_a, serial_shops, shop
D:5:      kennysheep_mini, temple_statues, first_bread, minmay_holes,
          serial_bayou_pond_e, led_sif_pool
D:6:      kennysheep_generic_room_3, uniq_pikel
D:7:      uniq_duvessa
D:8:      david_lair_generic
D:9:      serial_shops, nicolae_shop_statue_plus, uniq_erolcha
D:10:     special_room, uniq_grum
D:11:     david_orc_3, portal_ice_cave_entry_ice_beasts
Temple:   triangle_lava_temple_11
Lair:1:   lemuel_fruit_fields
Orc:2:    nicolae_orc_lost_temple, uniq_gastronok, uniq_maud, uniq_snorg,
          uniq_rupert
Orc:3:    serial_shops, shop, nicolae_orc_pool_cavern, statue_in_the_mist_lemuel
Orc:4:    pf_orc_diabolical
Sewer:    sewer_co_15_rooms

Action                   |  1- 3 |  4- 6 |  7- 9 | 10-12 | 13-15 || total
-------------------------+-------+-------+-------+-------+-------++-------
Melee: Short sword       |    94 |    50 |   276 |   855 |   323 ||  1598
       Dagger            |       |    82 |    41 |       |       ||   123
 Fire: Blowgun           |       |       |     6 |   119 |    34 ||   159
Throw: Tomahawk          |    24 |    30 |    85 |   226 |   197 ||   562
       Throwing net      |       |     2 |     7 |     1 |       ||    10
       Stone             |       |       |     9 |     5 |       ||    14
Invok: Heroism           |       |       |     1 |     5 |     7 ||    13
Evoke: Wand              |       |     2 |     9 |    17 |     1 ||    29
  Use: Scroll            |       |     9 |     8 |     9 |     4 ||    30
       Potion            |       |       |     3 |     3 |     6 ||    12
 Stab: Sleeping          |     2 |     6 |    12 |     8 |       ||    28
       Held in net/web   |       |     1 |       |       |       ||     1
       Confused          |       |       |       |     4 |       ||     4
       Distracted        |       |       |       |     2 |       ||     2
  Eat: Chunk             |    10 |     7 |    18 |    26 |    15 ||    76
